3L
KINGSTON TOWNSHIP KNIGHTS @ WIZARDING EXPRESS
06/17/2034
 
TOP OF THE 1ST
Kingston Township Knights batting - Pitching for Wizarding Express : LHP Bradley Roth
Pitching: LHP Bradley Roth
Batting: RHB Alfredo Cardenas 0-0: Called Strike
0-1: Swinging Strike
0-2: Ball
1-2: Ball
2-2: Strikes out looking
Batting: RHB Júlio Rodríguez 0-0: Ball
1-0: SINGLE (Groundball, 4MD)
Batting: RHB Ron Bernard 0-0: Called Strike
0-1: Ball
1-1: Grounds into double play, 5-4-3 (Groundball, 56)
Top of the 1st over - 0 runs, 1 hit, 0 errors, 0 left on base; Kingston Township 0 - Wizarding 0
BOTTOM OF THE 1ST
Wizarding Express batting - Pitching for Kingston Township Knights : RHP Victor de Meij
Pitching: RHP Victor de Meij
Batting: RHB Louis Gibbons 0-0: Foul Ball, location: 2F
0-1: Ball
1-1: Foul Ball, location: 2F
1-2: Ball
2-2: Ball
3-2: Foul Ball, location: 2F
3-2: SINGLE (Groundball, 5D)
Batting: LHB José Corona 0-0: Foul Ball, location: 2F
0-1: Swinging Strike
0-2: Ball
1-2: Fly out, F4 (Flyball, 4MD)
Batting: SHB Salvador Trevino 0-0: Ball
1-0: Ball
2-0: Ball
3-0: Base on Balls
Louis Gibbons to second
Batting: LHB Jin-yong Myung 0-0: Foul Ball, location: 2F
0-1: Ball
1-1: Swinging Strike
1-2: Fly out, F8 (Flyball, 8RS)
Batting: RHB Paul Penrice 0-0: Fielders Choice at 2nd, 6-4 (Groundball, 6)
Bottom of the 1st over - 0 runs, 1 hit, 0 errors, 2 left on base; Kingston Township 0 - Wizarding 0
TOP OF THE 2ND
Kingston Township Knights batting - Pitching for Wizarding Express : LHP Bradley Roth
Batting: RHB EP Weston 0-0: Ball
1-0: Called Strike
1-1: SINGLE (Line Drive, 8LS)
Batting: RHB José Icaza 0-0: Called Strike
0-1: Ball
1-1: Ball
Wild Pitch!
EP Weston to second
2-1: Ball
3-1: Called Strike
3-2: Strikes out looking
Batting: RHB Dani Trejo 0-0: Ball
1-0: Ball
2-0: Called Strike
2-1: Swinging Strike
2-2: Strikes out looking
Batting: LHB António González 0-0: Ball
1-0: Ball
2-0: Ball
3-0: Called Strike
3-1: Foul Ball, location: 2F
3-2: 2-RUN HOME RUN (Flyball, 9D), Distance : 348 ft
Batting: RHB Gustavo Mateo 0-0: Called Strike
0-1: Ground out 5-3 (Groundball, 56S)
Top of the 2nd over - 2 runs, 2 hits, 0 errors, 0 left on base; Kingston Township 2 - Wizarding 0
BOTTOM OF THE 2ND
Wizarding Express batting - Pitching for Kingston Township Knights : RHP Victor de Meij
Batting: LHB António Boccanegra 0-0: Ball
1-0: Swinging Strike
1-1: Foul Ball, location: 2F
1-2: Ball
2-2: Strikes out looking
Batting: LHB Jesús Lazcano 0-0: Ball
1-0: Ball
2-0: Called Strike
2-1: Fly out, F7 (Flyball, 78M)
Batting: LHB Nathan Tanner 0-0: Fly out, F4 (Popup, 34)
Bottom of the 2nd over - 0 runs, 0 hits, 0 errors, 0 left on base; Kingston Township 2 - Wizarding 0
TOP OF THE 3RD
Kingston Township Knights batting - Pitching for Wizarding Express : LHP Bradley Roth
Batting: LHB Scot Willis 0-0: Called Strike
0-1: Ball
1-1: Foul Ball, location: 2F
1-2: Ball
2-2: Ball
3-2: Foul Ball, location: 2F
3-2: Foul Ball, location: 2F
3-2: Base on Balls
Batting: RHB Alfredo Cardenas 0-0: Ball
1-0: Ball
2-0: Foul Ball, location: 2F
2-1: Foul Ball, location: 2F
2-2: Strikes out looking
Batting: RHB Júlio Rodríguez 0-0: Called Strike
0-1: Ball
1-1: Foul Ball, location: 2F
1-2: SINGLE (Groundball, 5D)
Scot Willis to second
Batting: RHB Ron Bernard 0-0: Ball
1-0: Foul Ball, location: 2F
1-1: Ball
2-1: DOUBLE (Line Drive, 89D)
Scot Willis scores
Júlio Rodríguez to third
Runner from 3rd tries for Home, SAFE, no throw
Batting: RHB EP Weston 0-0: Foul Ball, location: 2F
0-1: Swinging Strike
0-2: Fly out, F5 (Popup, 56S)
Batting: RHB José Icaza 0-0: Foul Ball, location: 2F
0-1: Foul Ball, location: 2F
0-2: Ball
1-2: Ball
2-2: Fly out, F7 (Flyball, 78D)
Top of the 3rd over - 2 runs, 2 hits, 0 errors, 1 left on base; Kingston Township 4 - Wizarding 0
BOTTOM OF THE 3RD
Wizarding Express batting - Pitching for Kingston Township Knights : RHP Victor de Meij
Batting: RHB Robinson Barquero 0-0: Ball
1-0: Foul Ball, location: 2F
1-1: Called Strike
1-2: Ball
2-2: Ball
3-2: Base on Balls
Batting: RHB Louis Gibbons 0-0: Called Strike
Robinson Barquero steals 2nd base
0-1: Ground out 6-3 (Groundball, 6MD)
Robinson Barquero to third
Pitching: LHP Ebby Calvin LaLoosh
Batting: LHB José Corona 0-0: Ball
1-0: Called Strike
1-1: Foul Ball, location: 2F
1-2: Strikes out looking
Batting: SHB Salvador Trevino 0-0: Ball
1-0: Foul Ball, location: 2F
1-1: Swinging Strike
1-2: Fly out, F7 (Flyball, 78D)
Bottom of the 3rd over - 0 runs, 0 hits, 0 errors, 1 left on base; Kingston Township 4 - Wizarding 0
TOP OF THE 4TH
Kingston Township Knights batting - Pitching for Wizarding Express : LHP Bradley Roth
Batting: RHB Dani Trejo 0-0: Called Strike
0-1: Called Strike
0-2: Strikes out swinging
Batting: LHB António González 0-0: Called Strike
0-1: Ball
1-1: Ball
2-1: Ball
3-1: Ground out U3 (Groundball, 34)
Batting: RHB Gustavo Mateo 0-0: Ball
1-0: Ball
2-0: Called Strike
2-1: Called Strike
2-2: Foul Ball, location: 2F
2-2: Ball
3-2: Fly out, F8 (Flyball, 8RD)
Top of the 4th over - 0 runs, 0 hits, 0 errors, 0 left on base; Kingston Township 4 - Wizarding 0
BOTTOM OF THE 4TH
Wizarding Express batting - Pitching for Kingston Township Knights : LHP Ebby Calvin LaLoosh
Batting: LHB Jin-yong Myung 0-0: Foul Ball, location: 2F
0-1: Ball
1-1: Ground out 4-3 (Groundball, 4)
Batting: RHB Paul Penrice 0-0: Ball
1-0: Foul Ball, location: 2F
1-1: Ball
2-1: Ball
3-1: Foul Ball, location: 2F
3-2: Strikes out swinging
Batting: LHB António Boccanegra 0-0: Called Strike
0-1: Foul Ball, location: 2F
0-2: Ball
1-2: Foul Ball, location: 2F
1-2: Strikes out swinging
Bottom of the 4th over - 0 runs, 0 hits, 0 errors, 0 left on base; Kingston Township 4 - Wizarding 0
TOP OF THE 5TH
Kingston Township Knights batting - Pitching for Wizarding Express : LHP Bradley Roth
Batting: LHB Scot Willis 0-0: Ball
1-0: Fly out, F5 (Popup, 56S)
Batting: RHB Alfredo Cardenas 0-0: Called Strike
0-1: Ball
1-1: Ball
2-1: Ball
3-1: Base on Balls
Batting: RHB Júlio Rodríguez 0-0: Ball
1-0: Fly out, F8 (Flyball, 8LS)
Batting: RHB Ron Bernard 0-0: Ball
1-0: Ball
2-0: Called Strike
2-1: Ground out 5-3 (Groundball, 5S)
Top of the 5th over - 0 runs, 0 hits, 0 errors, 1 left on base; Kingston Township 4 - Wizarding 0
BOTTOM OF THE 5TH
Wizarding Express batting - Pitching for Kingston Township Knights : LHP Ebby Calvin LaLoosh
Batting: LHB Jesús Lazcano 0-0: Called Strike
0-1: Ball
1-1: Called Strike
1-2: Ground out 5-3 (Groundball, 56S)
Batting: LHB Nathan Tanner 0-0: Called Strike
0-1: Fly out, F8 (Flyball, 78XD)
Batting: RHB Robinson Barquero 0-0: Called Strike
0-1: Swinging Strike
0-2: Ball
1-2: Ball
2-2: Ball
3-2: Reached on error, E6 (Groundball, 6)
Batting: RHB Louis Gibbons 0-0: Foul Ball, location: 2F
0-1: Swinging Strike
0-2: Ball
1-2: Fly out, F8 (Flyball, 89XD)
Bottom of the 5th over - 0 runs, 0 hits, 1 error, 1 left on base; Kingston Township 4 - Wizarding 0
TOP OF THE 6TH
Kingston Township Knights batting - Pitching for Wizarding Express : LHP Bradley Roth
Batting: RHB EP Weston 0-0: Ball
1-0: Ball
2-0: Called Strike
2-1: Called Strike
2-2: Ball
3-2: Reached on error, E5 (Groundball, 56)
Batting: RHB José Icaza 0-0: Ball
1-0: Called Strike
1-1: Ball
2-1: Foul Ball, location: 2F
2-2: Strikes out looking
Pitching: LHP León Vallejo
Batting: RHB Dani Trejo 0-0: Foul Ball, location: 2F
0-1: 2-RUN HOME RUN (Flyball, 78XD), Distance : 391 ft
Batting: LHB António González 0-0: Called Strike
0-1: Ball
1-1: Called Strike
1-2: Fly out, F8 (Flyball, 8LM)
Batting: RHB Gustavo Mateo 0-0: Ball
1-0: Called Strike
1-1: Ground out 3-1 (Groundball, 34S)
Top of the 6th over - 2 runs, 1 hit, 1 error, 0 left on base; Kingston Township 6 - Wizarding 0
BOTTOM OF THE 6TH
Wizarding Express batting - Pitching for Kingston Township Knights : LHP Ebby Calvin LaLoosh
Batting: LHB José Corona 0-0: Ball
1-0: Ball
2-0: Foul Ball, location: 2F
2-1: Swinging Strike
2-2: Ball
3-2: Base on Balls
Batting: SHB Salvador Trevino 0-0: Fly out, F9 (Flyball, 9S)
Batting: LHB Jin-yong Myung 0-0: Called Strike
0-1: Ball
1-1: Called Strike
1-2: Ball
2-2: Strikes out looking
Pitching: RHP Kazu Omori
Batting: RHB Paul Penrice 0-0: Called Strike
0-1: Ball
1-1: Ball
2-1: Ball
3-1: Foul Ball, location: 2F
3-2: Foul Ball, location: 2F
3-2: Foul Ball, location: 2F
3-2: Strikes out swinging
Bottom of the 6th over - 0 runs, 0 hits, 0 errors, 1 left on base; Kingston Township 6 - Wizarding 0
TOP OF THE 7TH
Kingston Township Knights batting - Pitching for Wizarding Express : LHP León Vallejo
Batting: LHB Scot Willis 0-0: Ball
1-0: Fly out, F9 (Flyball, 9LSF)
Batting: RHB Alfredo Cardenas 0-0: Called Strike
0-1: Called Strike
0-2: Strikes out swinging
Batting: RHB Júlio Rodríguez 0-0: Ball
1-0: Foul Ball, location: 2F
1-1: Foul Ball, location: 2F
1-2: Ground out 1-3 (Groundball, 13S)
Top of the 7th over - 0 runs, 0 hits, 0 errors, 0 left on base; Kingston Township 6 - Wizarding 0
BOTTOM OF THE 7TH
Wizarding Express batting - Pitching for Kingston Township Knights : RHP Kazu Omori
Batting: LHB António Boccanegra 0-0: Foul Ball, location: 2F
0-1: Called Strike
0-2: Ball
1-2: Ball
2-2: Ground out 5-3 (Groundball, 56)
Batting: LHB Jesús Lazcano 0-0: Ball
1-0: Fly out, F6 (Popup, P)
Batting: LHB Nathan Tanner 0-0: Ball
1-0: Fly out, F6 (Popup, 6S)
Bottom of the 7th over - 0 runs, 0 hits, 0 errors, 0 left on base; Kingston Township 6 - Wizarding 0
TOP OF THE 8TH
Kingston Township Knights batting - Pitching for Wizarding Express : LHP León Vallejo
Batting: RHB Ron Bernard 0-0: Foul Ball, location: 2F
0-1: Ball
1-1: SINGLE (Groundball, 56D)
Batting: RHB EP Weston 0-0: Ball
1-0: Fly out, F9 (Flyball, 9D)
Batting: RHB José Icaza 0-0: Ball
1-0: Ball
2-0: SINGLE (Groundball, 5D)
Ron Bernard to second
Batting: RHB Dani Trejo 0-0: Called Strike
0-1: Called Strike
0-2: Foul Ball, location: 2F
0-2: Ball
1-2: Strikes out swinging
Pitching: RHP Biff Tannen
Batting: LHB António González 0-0: Ball
1-0: Swinging Strike
1-1: Foul Ball, location: 2F
1-2: Ball
2-2: Strikes out swinging
Top of the 8th over - 0 runs, 2 hits, 0 errors, 2 left on base; Kingston Township 6 - Wizarding 0
BOTTOM OF THE 8TH
Wizarding Express batting - Pitching for Kingston Township Knights : RHP Kazu Omori
Now in RF: Gerald Mills
Batting: RHB Robinson Barquero 0-0: Ball
1-0: Ground out 6-3 (Groundball, 6M)
Batting: RHB Louis Gibbons 0-0: Ball
1-0: Fly out, F8 (Flyball, 78XD)
Pitching: LHP Jason Schneider
Batting: LHB José Corona 0-0: Called Strike
0-1: Ball
1-1: Foul Ball, location: 2F
1-2: Ball
2-2: Ball
3-2: Ground out 4-3 (Groundball, 4M)
Bottom of the 8th over - 0 runs, 0 hits, 0 errors, 0 left on base; Kingston Township 6 - Wizarding 0
TOP OF THE 9TH
Kingston Township Knights batting - Pitching for Wizarding Express : RHP Biff Tannen
Batting: RHB Gustavo Mateo 0-0: Ball
1-0: Ball
2-0: Fly out, F8 (Line Drive, 8LD)
Batting: LHB Scot Willis 0-0: Ground out 4-3 (Groundball, 4)
Batting: RHB Alfredo Cardenas 0-0: Called Strike
0-1: Ball
1-1: Reached on error, E6 (Groundball, 6)
Batting: RHB Júlio Rodríguez 0-0: Foul Ball, location: 2F
0-1: Fly out, F8 (Line Drive, 8LXD)
Top of the 9th over - 0 runs, 0 hits, 1 error, 1 left on base; Kingston Township 6 - Wizarding 0
BOTTOM OF THE 9TH
Wizarding Express batting - Pitching for Kingston Township Knights : LHP Jason Schneider
Now at 3B: Alejandro Serrato
Batting: SHB Salvador Trevino 0-0: Ball
1-0: Called Strike
1-1: Swinging Strike
1-2: Foul Ball, location: 2F
1-2: Foul Ball, location: 2F
1-2: Ball
2-2: Ball
3-2: Base on Balls
Batting: LHB Jin-yong Myung 0-0: Foul Ball, location: 2F
0-1: Called Strike
0-2: Strikes out swinging
Batting: RHB Paul Penrice 0-0: Called Strike
0-1: Foul Ball, location: 2F
0-2: Ball
1-2: Foul Ball, location: 2F
1-2: DOUBLE (Line Drive, 78D)
Salvador Trevino to third
Batting: LHB António Boccanegra 0-0: Ball
1-0: Ball
2-0: Foul Ball, location: 2F
2-1: Ball
3-1: SINGLE (Groundball, 34D)
Salvador Trevino scores
Paul Penrice to third
Batting: LHB Jesús Lazcano 0-0: Ball
1-0: Ball
2-0: Called Strike
2-1: Ball
3-1: Foul Ball, location: 2F
3-2: Base on Balls
António Boccanegra to second
Batting: LHB Nathan Tanner 0-0: Foul Ball, location: 2F
0-1: Ball
1-1: Fly out, F8 (Flyball, 8LM)
Runner from 3rd tags up, SCORES, no throw
Batting: RHB Robinson Barquero 0-0: Ball
1-0: Swinging Strike
1-1: Ball
2-1: Ground out U3 (Groundball, 34)
Bottom of the 9th over - 2 runs, 2 hits, 0 errors, 2 left on base; Kingston Township 6 - Wizarding 2
Friday, March 29th, 2019 - OOTP Baseball 18.8 Build 76